 Dungeon Crawl Stone Soup version 0.29.1-12-g30fa7ad0bf (webtiles) character file.

Game seed: 4164112223652015580

63 sanboga the Ruffian (level 3, -10/43 HPs)
             Began as a Demonspawn Berserker on Dec 14, 2022.
             Was a Believer of Trog.
             Killed by divine providence
             ... invoked by an orc priest
              (13 damage)
             ... on level 3 of the Dungeon.
             The game lasted 00:01:52 (2176 turns).

sanboga the Ruffian (Demonspawn Berserker)          Turns: 2176, Time: 00:01:53

Health: -10/43     AC: 11    Str: 19    XL:     3   Next: 87%
Magic:  3/3        EV:  6    Int:  8    God:    Trog [**....]
Gold:   76         SH:  0    Dex: 12    Spells: 2/2 levels left

rFire   . . .      SeeInvis .     - Unarmed
rCold   . . .      Faith    .   (no shield)
rNeg    . . .      Spirit   .   e - +0 plate armour
rPois   .          Reflect  .   (no helmet)
rElec   .          Harm     .   (no cloak)
rCorr   .          Rampage  .   (no gloves)
Will    .....                   (no boots)
Stlth   ..........              (no amulet)
HPRegen 0.14/turn               (no ring)
MPRegen 0.08/turn               (no ring)

@: berserking, very quick
A: claws 1, demonic magic 1
a: Renounce Religion, Berserk, Trog's Hand


You were on level 3 of the Dungeon.
You worshipped Trog.
Trog was pleased with you.
You visited 1 branch of the dungeon, and saw 3 of its levels.

You collected 76 gold pieces.

Inventory:

Armour
 e - a +0 plate armour (worn)
Scrolls
 b - a scroll of teleportation {unknown}
 d - 2 scrolls of enchant weapon {unknown}
 f - a scroll of identify {unknown}
 g - a scroll of vulnerability {unknown}
 h - a scroll of blinking {unknown}
 j - 2 scrolls of magic mapping {unknown}
 l - 2 scrolls of immolation {unknown}
Potions
 a - a potion of cancellation {unknown}
 c - 2 potions of curing {unknown}
 i - a potion of heal wounds {unknown}
 k - a potion of mutation {unknown}
 m - a potion of lignification {unknown}


   Skills:
 + Level 3.5 Fighting
 + Level 2.3 Armour
 - Level 1.7 Dodging
 * Level 3.7 Unarmed Combat


You had 2 spell levels left.
You didn't know any spells.
Your spell library was empty.

Dungeon Overview and Level Annotations

Branches:
Dungeon (3/15)

Altars:

Shops:
D:3 [


Innate Abilities, Weirdness & Mutations

You have sharp fingernails.
Spells you cast may paralyse adjacent enemies.


Message History

The orc completely misses you. The orc priest barely misses you.
The orc priest hits you with a +0 whip.
You barely miss the orc priest.
The orc priest is moderately wounded.
The orc completely misses you.
The orc priest hits you with a +0 dagger.
The orc priest hits you with a +0 whip.
You scratch the orc priest.
The orc priest is moderately wounded.
The orc closely misses you.
The orc priest hits you but does no damage.
The orc priest calls upon Beogh to heal the orc priest.
The orc priest's wounds heal themselves!
You scratch the orc priest.
The orc priest is moderately wounded.
The orc hits you but does no damage. The orc priest barely misses you.
The orc priest hits you with a +0 whip.
You are too injured to fight recklessly!
You are too injured to fight recklessly!
You are too injured to fight recklessly!
A red film seems to cover your vision as you go berserk!
You feel yourself moving faster!
You feel mighty! The orc hits you but does no damage.
The orc priest hits you but does no damage.
The orc priest hits you with a +0 whip.
You claw the orc priest!
The orc priest is severely wounded.
The orc hits you from afar with a +0 trident.
* * * LOW HITPOINT WARNING * * *
The orc priest hits you with a +0 dagger.
* * * LOW HITPOINT WARNING * * *
The orc priest calls down the wrath of Beogh upon you.
Beogh smites you!
* * * LOW HITPOINT WARNING * * *
You closely miss the orc priest.
The orc priest is severely wounded.
The orc barely misses you.
The orc priest invokes the aid of Beogh against you.
Beogh smites you!
You die...

############ ########
#......[...# #.......
######..........# #.......
.........oo.....# #.......
.........@.o....# #.......
........###########.......
.....[....#...# #.........
#............#.#...#
#.........
............#.#...###.....#.#<
...........#.#...#...........
#....###.....#...###.....#...
#....# #..........##..#......
#....# #.....#........#.##<.#


You could see 2 orc priests and an orc.

Vanquished Creatures
  An adder (D:2)
  A worm (D:2)
  6 ball pythons
  4 endoplasms
  3 giant cockroaches
  8 goblins
  6 hobgoblins
  2 jackals (D:2)
  4 kobolds
  A quokka (D:1)
  3 bats
  4 frilled lizards
  3 rats
46 creatures vanquished.

Vanquished Creatures (others)
  12 plants (D:2)
12 creatures vanquished.

Grand Total: 58 creatures vanquished

Notes
Turn   | Place    | Note
-------+----------+-------------------------------------------
     0 | D:1      | sanboga the Demonspawn Berserker began the quest for the
                  | Orb.
     0 | D:1      | Reached XP level 1. HP: 18/18 MP: 1/1
    27 | D:1      | Found a faded altar of an unknown god.
   171 | D:1      | Gained mutation: You have sharp fingernails. [demonic
                  | ancestry]
   171 | D:1      | Reached XP level 2. HP: 21/24 MP: 2/2
   733 | D:2      | Reached ** piety under Trog
   770 | D:2      | Gained mutation: Spells you cast may paralyse adjacent
                  | enemies. [demonic ancestry]
   770 | D:2      | Reached XP level 3. HP: 13/29 MP: 3/3
  1858 | D:3      | Found Giot's Antique Armour Shoppe.
  2176 | D:3      | Killed from afar by an orc priest

Illustrated notes

Levels and vault maps discovered:
D:1:      dpeg_arrival_shrine, layout_rooms, ebering_ecumenical_altar_rust,
          minmay_tromino_mix6
D:2:      wad_lake_hut, layout_basic
D:3:      layout_basic, serial_shops, nicolae_shop_overgrown_old_shop

Skill      XL: |  1 |
---------------+----+-----
Armour         | 2 |  2.3
Unarmed Combat | 3 |  3.7
Fighting       | |  3.5
Dodging        | |  1.7

Action                   || total
-------------------------++-------
Melee: Unarmed           ||   127
       Punch             ||     2
Invok: Berserk           ||     1
Armor: Plate armour      ||    80
Dodge: Dodged            ||    48
